 Dungeon Crawl Stone Soup version 0.28.0 (webtiles) character file.

Game seed: 2168997476370790177

447 themarg the Caller (level 7, -1/48 HPs)
             Began as a Merfolk Summoner on Feb 14, 2022.
             Slain by a hound (2 damage)
             ... on level 3 of the Dungeon.
             The game lasted 00:29:41 (4478 turns).

themarg the Caller (Merfolk Summoner)               Turns: 4478, Time: 00:29:42

Health: -1/48      AC:  8    Str:  9    XL:     7   Next: 3%
Magic:  12/13      EV: 13    Int: 16    God:
Gold:   130        SH:  0    Dex: 14    Spells: 7/14 levels left

rFire   . . .      SeeInvis .   j - +0 trident
rCold   . . .      Faith    .   (no shield)
rNeg    . . .      Spirit   .   a - +1 robe
rPois   .          Reflect  .   e - +2 hat
rElec   .          Harm     .   (no cloak)
rCorr   .          Rampage  .   c - +0 pair of gloves
Will    .....                   (no boots)
Stlth   ++........              d - amulet of magic regeneration
HPRegen 0.16/turn               f - ring of wizardry
MPRegen 0.53/turn               l - ring of flight

@: flying
A: (nimble swimmer 2), mertail, iridescent scales 1, inability to read while
threatened
a: no special abilities


You were on level 3 of the Dungeon.
You visited 1 branch of the dungeon, and saw 4 of its levels.

You collected 130 gold pieces.

Inventory:

Hand Weapons
 h - a +1 short sword of speed
 j - a +0 trident (weapon)
 m - a +1 dagger of freezing
 t - a +2 vampiric long sword
Missiles
 i - 76 stones (quivered)
Armour
 a - a +1 robe (worn)
 c - a +0 pair of gloves (worn)
 e - a +2 hat (worn)
Magical Staves
 p - a staff of cold
Jewellery
 d - an amulet of magic regeneration (around neck)
 f - a ring of wizardry (left hand)
 l - a ring of flight (right hand)
Wands
 n - a wand of flame (9)
Scrolls
 g - a scroll of torment {unknown}
 o - a scroll of identify {unknown}
 q - 2 scrolls of teleportation
 v - a scroll of brand weapon {unknown}
Potions
 b - a potion of mutation
 k - a potion of haste {unknown}
 s - 2 potions of curing {unknown}
 u - a potion of attraction {unknown}


   Skills:
 + Level 1.2 Fighting
 + Level 2.0 Short Blades
 + Level 3.6 Dodging
 + Level 3.0 Stealth
 + Level 4.2 Spellcasting
 + Level 0.3 Hexes
 + Level 5.9 Summonings


You had 7 spell levels left.
You knew the following spells:

 Your Spells              Type           Power      Damage    Failure   Level
a - Summon Small Mammal   Summ           88%        N/A       1%          1
b - Call Canine Familiar  Summ           22%        N/A       1%          3
c - Summon Guardian Gole  Hex/Summ       13%        N/A       6%          3

Your spell library contained the following spells:

 Spells                   Type           Power      Damage    Failure   Level
 Call Imp                 Summ           22%        N/A       1%          2
 Animate Armour           Summ/Erth      24%        N/A       19%         4
 Summon Lightning Spire   Summ/Air       12%        N/A       19%         4
 Stone Arrow              Conj/Erth      6%         3d7       21%         3
 Lehudib's Crystal Spear  Conj/Erth      1%         10d2      100%        8


Dungeon Overview and Level Annotations

Branches:
Dungeon (4/15)
 Temple: D:4-7

Altars:

Annotations:
D:1 exclusion: downstairs
D:4 Dowan, Duvessa


Innate Abilities, Weirdness & Mutations

((You are very nimble when in or above water. (Stealth+, EV+, Speed+++)))
Your lower body shifts to a powerful aquatic tail in water.
You are partially covered in iridescent scales. (AC +2)
You sometimes lose the ability to read scrolls when taking damage.


Message History

The hound is moderately wounded.
The hound barely misses you.
The orc priest hits your guardian golem but does no damage.
The hound closely misses you.
The orc priest miscasts a cantrip.
You miss the hound.
The hound is moderately wounded.
The hound bites you. The hound bites you but does no damage.
The orc priest calls down the wrath of Beogh upon you.
Beogh smites you!
* * * LOW HITPOINT WARNING * * *
You swap places.
The hound bites you.
* * * LOW HITPOINT WARNING * * *
Your hound bites the hound but does no damage.
The hound completely misses you.
There is a stone staircase leading up here.
You hear the slow hiss of a distant avalanche of sand.
Your hound bites the hound but does no damage.
The hound closely misses you.
Your hound misses the hound.
You fly upwards.
Your summoned ally is left behind.
There is a stone staircase leading down here.
A hound is nearby!
Casting: Summon Guardian Golem (dangerous; 6% risk of failure)
Confirm with . or Enter, or press ? or * to list all spells.
A guardian golem appears, shielding your allies.
The hound bites you.
* * * LOW HITPOINT WARNING * * *
The hound stops to sniff the ground.
The hound bites you.
* * * LOW HITPOINT WARNING * * *
It was a potion of mutation.
You feel extremely strange.
Iridescent scales grow over part of your body.
You lose the ability to read scrolls when threatened.
The hound closely misses you. The hound bites you.
* * * LOW HITPOINT WARNING * * *
Okay, then.
As you read the scroll labelled HEOPTO HAPY, it crumbles to dust.
It is a scroll of enchant armour.
Your +0 robe glows green for a moment.
The hound bites you.
You die...

...≈..###.#
..≈.§#.##.#
.≈.≈..#.#.#
≈.≈...#.#.#
.≈≈...#.#.#########
_≈≈...#.#.#.......#
§§.§.)#.#.#.......#
§§§§≈#.........>..#
.§..#...#.#....h@.#
.§§#.#..#.#....9..#
.##.##..#.#.......#
..^######.#########
.#.# #.# ...# #.#
##.### #.# .....#
#.#### ##.#.#
#....#


You could see a hound (ally target) and a friendly guardian golem (summoned).

Vanquished Creatures
  Natasha (D:2)
  2 adders
  An adder skeleton (D:2)
  3 dart slugs
  An orc (D:4)
  A bat (D:3)
  2 endoplasms (D:2)
  A giant cockroach (D:3)
  3 goblins
  6 hobgoblins
  4 ball pythons
  6 frilled lizards
  4 kobolds
35 creatures vanquished.

Vanquished Creatures (collateral kills)
  Grinder (D:3)
  Jessica (D:2)
  Ijyb (D:3)
  Natasha (twice) (D:2)
  2 worms (D:3)
  3 orcs (D:4)
  3 ball pythons (D:1)
  3 endoplasms
  2 giant cockroaches
  A goblin (D:2)
  A hobgoblin (D:2)
  3 kobolds
  2 quokkas
  A bat (D:1)
  2 rats
28 creatures vanquished.

Vanquished Creatures (others)
  A hound (D:4)
1 creature vanquished.

Grand Total: 64 creatures vanquished

Notes
Turn   | Place    | Note
-------+----------+-------------------------------------------
     0 | D:1      | themarg the Merfolk Summoner began the quest for the Orb.
     0 | D:1      | Reached XP level 1. HP: 13/13 MP: 3/3
   379 | D:1      | Reached XP level 2. HP: 16/19 MP: 1/5
  1534 | D:2      | Noticed Jessica
  1680 | D:2      | Reached XP level 3. HP: 24/24 MP: 6/6
  1684 | D:2      | Learned a level 3 spell: Call Canine Familiar
  1931 | D:2      | Killed Jessica
  1932 | D:2      | Reached XP level 4. HP: 30/31 MP: 6/8
  2327 | D:2      | Noticed Natasha
  2337 | D:2      | Killed Natasha
  2338 | D:2      | Reached skill level 1 in Short Blades
  2344 | D:2      | Reached skill level 1 in Fighting
  2465 | D:2      | Noticed Natasha
  2533 | D:2      | Killed Natasha
  2534 | D:2      | Reached XP level 5. HP: 13/37 MP: 9/9
  2536 | D:2      | Noticed Natasha
  2546 | D:2      | Killed Natasha
  2547 | D:2      | Reached skill level 5 in Summonings
  3136 | D:3      | Found a faded altar of an unknown god.
  3433 | D:3      | Noticed Grinder
  3490 | D:3      | Noticed Ijyb
  3541 | D:3      | Killed Ijyb
  3650 | D:3      | Learned a level 3 spell: Summon Guardian Golem
  4113 | D:3      | Paralysed by Grinder for 4 turns
  4119 | D:3      | Paralysed by Grinder for 3 turns
  4148 | D:3      | Killed Grinder
  4149 | D:3      | Reached XP level 6. HP: 32/43 MP: 8/12
  4381 | D:4      | Noticed Duvessa
  4381 | D:4      | Noticed Dowan
  4460 | D:4      | Reached XP level 7. HP: 40/48 MP: 13/13
  4477 | D:3      | Gained mutation: You are partially covered in iridescent
                  | scales. (AC +2) [potion of mutation]
  4477 | D:3      | Gained mutation: You sometimes lose the ability to read
                  | scrolls when taking damage. [potion of mutation]
  4477 | D:3      | HP: 1/48 [hound (2)]
  4478 | D:3      | Slain by a hound

Illustrated notes

Levels and vault maps discovered:
D:1:      nicolae_arrival_somewhat_less_tricky_arrival, layout_rooms
D:2:      layout_basic, grunt_decor_resistance, uniq_natasha, uniq_jessica
D:3:      layout_basic, shapermc_ecumenical_altar_starsandcircs, uniq_grinder,
          uniq_ijyb
D:4:      layout_rooms, enter_ossuary_2, gammafunk_ghost_icy,
          uniq_crazy_yiuf_cottage, uniq_duvessa

Skill      XL: |  1  2  3  4  5  6 |
---------------+-------------------+-----
Dodging        | 3 |  3.6
Short Blades   | 1 2 |  2.0
Fighting       | 1 |  1.2
Spellcasting   | 3 4 |  4.2
Summonings     | 5 |  5.9
Stealth        | 3 |  3.0
Hexes          | |  0.3

Action                   |  1- 3 |  4- 6 |  7- 9 || total
-------------------------+-------+-------+-------++-------
Melee: Unarmed           |    19 |       |       ||    19
       Short sword       |    51 |    77 |       ||   128
       Punch             |     2 |       |       ||     2
       Trident           |       |     4 |     3 ||     7
Throw: Stone             |       |     1 |       ||     1
 Cast: Summon Small Mamm |    32 |     6 |       ||    38
       Call Canine Famil |     2 |    22 |     1 ||    25
       Summon Guardian G |       |     6 |     2 ||     8
  Use: Scroll            |       |     2 |     1 ||     3
       Potion            |       |       |     1 ||     1
 Stab: Sleeping          |     2 |     2 |       ||     4
       Distracted        |       |     1 |       ||     1
Armor: Robe              |    24 |    14 |     2 ||    40
Dodge: Dodged            |    54 |    26 |     5 ||    85
